 Dungeon Crawl Stone Soup version 0.30-a0-297-g0ec75d9ef4 (webtiles) character file.

Game seed: 11996273072391408487

233 910rd the Chiller (level 5, -5/24 HPs)
             Began as a Felid Ice Elementalist on Oct 16, 2022.
             Slain by a gnoll
             ... wielding a +0 halberd
              (13 damage)
             ... on level 3 of the Dungeon on Oct 19, 2022.
             The game lasted 00:18:16 (5096 turns).

910rd the Chiller (Felid Ice Elementalist)          Turns: 5096, Time: 00:18:17

Health: -5/24      AC:  1    Str:  4    XL:     5   Next: 74%
Magic:  9/9        EV: 17    Int: 18    God:
Gold:   175        SH:  0    Dex: 17    Spells: 4/8 levels left
                                        Lives:  0   Deaths: 1

rFire   . . .      SeeInvis +    (weapon unavailable)
rCold   . . .      Faith    .    (shield unavailable)
rNeg    . . .      Spirit   .    (body armour unavailable)
rPois   .          Reflect  .    (helmet unavailable)
rElec   .          Harm     .    (cloak unavailable)
rCorr   .          Rampage  .    (gloves unavailable)
Will    .....                    (boots unavailable)
Stlth   ++........               (no amulet)
HPRegen 0.24/turn                (no ring)
MPRegen 0.11/turn                (no ring)

@: quick
A: very small, claws 1, fangs 3, see invisible, speed 1, shaggy fur 1, stealthy
paws, no weapons or thrown items, no armour, multi-lived
a: no special abilities


You were on level 3 of the Dungeon.
You visited 1 branch of the dungeon, and saw 4 of its levels.

You collected 175 gold pieces.

Inventory:

Wands
 t - a wand of roots (11)
Scrolls
 b - 2 scrolls of teleportation {unknown}
 c - 3 scrolls of identify {unknown}
 f - a scroll of blinking {unknown}
 g - a scroll of amnesia {unknown}
 h - 2 scrolls of immolation {unknown}
 i - 2 scrolls of fear {unknown}
 k - a scroll of torment {unknown}
 s - a scroll of poison {unknown}
Potions
 a - a potion of magic
 d - 3 potions of curing
 e - a potion of haste
 j - a potion of berserk rage {unknown}
 l - 2 potions of degeneration {unknown}
 m - a potion of lignification {unknown}
 n - a potion of mutation {unknown}
 o - a potion of resistance {unknown}
 p - a potion of might {unknown}
 q - a potion of invisibility {unknown}
 r - a potion of cancellation {unknown}


   Skills:
 - Level 3.0 Fighting
 - Level 2.6 Dodging
 - Level 2.6 Stealth
 + Level 0.3 Unarmed Combat
 - Level 2.0 Spellcasting
 - Level 6.0 Ice Magic


You had 4 spell levels left.
You knew the following spells:

 Your Spells              Type           Power      Damage    Failure   Level
a - Freeze                Ice            92%        1d9       1%          1
b - Frozen Ramparts       Ice            46%        1d7       4%          3

Your spell library contained the following spells:

 Spells                   Type           Power      Damage    Failure   Level
 Ozocubu's Armour         Ice            23%        N/A       4%          3
 Sandblast                Erth           2%         2d4       19%         1
 Summon Small Mammal      Summ           4%         N/A       19%         1
 Passwall                 Tmut/Erth      0%         N/A       26%         2
 Summon Ice Beast         Ice/Summ       12%        N/A       45%         4
 Call Canine Familiar     Summ           1%         N/A       47%         3
 Stone Arrow              Conj/Erth      2%         3d7       47%         3
 Summon Guardian Golem    Hex/Summ       1%         N/A       47%         3


Dungeon Overview and Level Annotations

Branches:
Dungeon (4/15) Zot: 25619
 Temple: D:4-7

Altars:
Wu Jian


Innate Abilities, Weirdness & Mutations

You have sharp claws.
You have razor-sharp teeth.
You have supernaturally acute eyesight. (SInv)
You cover ground quickly. (Speed+)
You are covered in fur. (AC +1)
Your paws help you pounce on unaware monsters.
You are incapable of wielding weapons or throwing items.
You cannot wear armour.
You gain extra lives every three experience levels.


Message History

The walls around you are covered in ice.
The frilled lizard hisses angrily.
The wall freezes the frilled lizard.
You kill the frilled lizard!
The wall freezes the orc but does no damage.
The orc hits you from afar with a +0 trident!
You take 7 damage, and have 17/24 hp.
MASSIVE DAMAGE!!
You now have 6/9 mp.
The wall freezes the orc.
The orc closely misses you.
The wall freezes the orc but does no damage.
The orc misses you.
The wall freezes the orc but does no damage.
The orc misses you.
The wall freezes the orc!
You kill the orc!
Unknown command.
The frozen ramparts melt away.
HP restored.
Magic restored.
There is a shaft here.
Things that are here:
a +0 trident; a +0 chain mail
There is a shaft here.
Things that are here:
a +0 trident; a +0 chain mail 3 gnolls come into view.
The gnoll shouts!
Health restored: 24; MP restored: 9 The gnoll shouts! x2; You hear a shout!
The gnoll hits you from afar with a +0 spear!
* * * LOW HITPOINT WARNING * * *
The gnoll hits you from afar with a +0 halberd!
* * * LOW HITPOINT WARNING * * *
You take 16 damage, and have 8/24 hp.
MASSIVE DAMAGE!!
Casting: Frozen Ramparts (quite dangerous; 4% risk of failure)
Confirm with . or Enter, or press ? or * to list all spells.
The spell is quite dangerous to miscast (4% risk of failure)!
Continue anyway?
Okay, then.
The gnoll hits you from afar with a +0 halberd!
Ouch! That really hurt!
You die...

#.## #.......#....
#..##############.
#.................
#..#.^.##########.
#..#.#.# #. #..#.#.#
#. ##.#.#.##########.
########.#..........#.
#.gg.@...##########.##
##g####### ........ #
####... ##.. #.# #.#
#.# #.. ###


You could see 3 gnolls.

Vanquished Creatures
  Crazy Yiuf (D:2)
  Natasha (thrice) (D:2)
  Terence (D:2)
  7 adders
  5 worms
  A dart slug (D:2)
  An orc (D:3)
  3 bats
  3 endoplasms
  3 giant cockroaches
  7 goblins
  6 hobgoblins
  10 jackals
  A quokka (D:1)
  5 ball pythons
  10 frilled lizards
  3 kobolds
  4 rats
74 creatures vanquished.

Notes
Turn   | Place    | Note
-------+----------+-------------------------------------------
     0 | D:1      | 910rd the Felid Ice Elementalist began the quest for the
                  | Orb.
     0 | D:1      | Reached XP level 1. HP: 7/7 MP: 4/4
    44 | D:2      | Reached skill level 1 in Fighting
   120 | D:1      | Reached XP level 2. HP: 13/13 MP: 3/6
   699 | D:1      | Reached skill level 4 in Ice Magic
   762 | D:1      | Reached XP level 3. HP: 16/16 MP: 4/7
  1160 | D:2      | Found a runed translucent door.
  1161 | D:2      | Noticed Crazy Yiuf
  1318 | D:2      | Noticed Terence
  1338 | D:2      | Reached XP level 4. HP: 18/19 MP: 1/8
  1475 | D:2      | Learned a level 3 spell: Frozen Ramparts
  1679 | D:2      | Found a faded altar of an unknown god.
  1694 | D:2      | Noticed Natasha
  1705 | D:2      | Slain by Natasha
  1706 | D:2      | Reached XP level 3. HP: -1/16 MP: 4/7
  1706 | D:2      | Upgraded the game from 0.30-a0-279-g4b46babb21 to
                  | 0.30-a0-297-g0ec75d9ef4
  1841 | D:2      | Killed Natasha
  1842 | D:2      | Reached skill level 5 in Ice Magic
  1842 | D:2      | Reached XP level 4. HP: 11/20 MP: 4/8
  1917 | D:2      | Killed Terence
  2095 | D:2      | Noticed Natasha
  2379 | D:2      | Killed Crazy Yiuf
  2714 | D:2      | Killed Natasha
  2715 | D:2      | Reached XP level 5. HP: 24/24 MP: 2/9
  2993 | D:2      | Found a faded altar of an unknown god.
  3356 | D:2      | Noticed Natasha
  3370 | D:2      | Killed Natasha
  3775 | D:3      | Found an ornate altar of the Wu Jian Council.
  4115 | D:3      | Reached skill level 6 in Ice Magic
  4554 | D:2      | Found a faded altar of an unknown god.
  5096 | D:3      | Slain by a gnoll

Illustrated notes

Levels and vault maps discovered:
D:1:      saegor_arrival_simple_e, layout_loops_ring, minmay_misc_feat_rugged,
          minmay_lizard_pond
D:2:      layout_loops_corners, hellmonk_ecumenical_altar_leap_of_faith,
          fountainhead, uniq_natasha, uniq_crazy_yiuf_cottage, uniq_terence
D:3:      layout_basic, nicolae_wu_jian_wuxing_cycle
D:4:      layout_basic, lemuel_tele_altar, serial_rivers,
          chequers_serial_rivers_micro_d, chequers_serial_rivers_large_a,
          chequers_serial_rivers_room_b, chequers_serial_rivers_micro_a

Skill      XL: |  1  2  3  4  5 |
---------------+----------------+-----
Fighting       | 1 2 3 |  3.0
Ice Magic      | 4 5 6 |  6.0
Dodging        | |  2.6
Stealth        | |  2.6
Unarmed Combat | |  0.3
Spellcasting   | |  2.0

Action                   |  1- 3 |  4- 6 || total
-------------------------+-------+-------++-------
Melee: Unarmed           |    33 |    19 ||    52
       Bite              |     2 |     2 ||     4
       Punch             |     1 |       ||     1
 Cast: Freeze            |    55 |    37 ||    92
       Frozen Ramparts   |     2 |    13 ||    15
  Use: Potion            |       |     3 ||     3
 Stab: Sleeping          |       |     4 ||     4
Armor: Skin              |     1 |     2 ||     3
Dodge: Dodged            |    55 |    47 ||   102

Table legend: (Time is in decaauts)
 A = Elapsed time spent in this place.
 B = Non-inter-level travel time spent in this place.
 C = Inter-level travel time spent in this place.
 D = Time resting spent in this place.
 E = Time spent auto-exploring this place.
 F = Levels seen in this place.
 G = Mean time per level.
                   A        B        C        D        E       F      G
               +--------+--------+--------+--------+--------+-----+--------+
         Total |   4379 |   4256 |    123 |    559 |   2998 |   4 | 1094.8 |
       Dungeon |   4379 |   4256 |    123 |    559 |   2998 |   4 | 1094.8 |
               +--------+--------+--------+--------+--------+-----+--------+

Top non-repeatable levels by time:
     D:2: 2751 daAuts
     D:3: 931 daAuts
     D:1: 694 daAuts
     D:4: 1 daAuts
